 Dungeon Crawl Stone Soup version 0.24-a0-459-g225fefd530 (webtiles) character file.

Game seed: 9064996702577125993

129 Craser22 the Chopper (level 4, 0/39 HPs)
             Began as a Minotaur Berserker on June 28, 2019.
             Was a Believer of Trog.
             Succumbed to Terence's poison
             ... on level 2 of the Dungeon.
             The game lasted 00:04:13 (928 turns).

Craser22 the Chopper (Minotaur Berserker)            Turns: 928, Time: 00:04:14

Health: 0/39       AC:  2    Str: 21 (22) XL:     4   Next: 88%
Magic:  3/3        EV: 12    Int:  1 (4)  God:    Trog [**....]
Gold:   67         SH:  0    Dex:  9 (10) Spells: 3/3 levels left

rFire    . . .     SeeInvis .   a - +0 hand axe
rCold    . . .     Gourm    .   (no shield)
rNeg     . . .     Faith    .   b - +0 animal skin
rPois    .         Spirit   .   (helmet restricted)
rElec    .         Reflect  .   (no cloak)
rCorr    .         Harm     .   (no gloves)
MR       .....                  (no boots)
Stlth    +.........             (no amulet)
HPRegen  0.13/turn              (no ring)
MPRegen  0.08/turn              (no ring)

@: lethally poisoned (0 -> -1), berserk cooldown, hasted and slowed
A: retaliatory headbutt, horns 2
a: Berserk, Trog's Hand, Renounce Religion


You were on level 2 of the Dungeon.
You worshipped Trog.
Trog was pleased with you.
You were completely stuffed.

You visited 1 branch of the dungeon, and saw 2 of its levels.

You collected 67 gold pieces.


Innate Abilities, Weirdness & Mutations

You reflexively headbutt those who attack you in melee.
You have a pair of horns on your head.


   Skills:
 - Level 3.6 Fighting
 + Level 6.8 Axes
 - Level 2.4 Armour
 - Level 2.1 Dodging


You had 3 spell levels left.
You didn't know any spells.
Your spell library was empty.

Inventory:

Hand Weapons
 a - a +0 hand axe (weapon)
Missiles
 j - 18 stones (quivered)
Armour
 b - a +0 animal skin (worn)
 i - a cursed +0 scale mail
Jewellery
 d - an uncursed ring of protection from fire {unknown}
Scrolls
 e - a scroll of blinking {unknown}
 g - 2 scrolls of remove curse {unknown}
 h - a scroll of amnesia {unknown}
Comestibles
 c - a ration
 f - 10 chunks of flesh

Dungeon Overview and Level Annotations

Branches:
Dungeon (2/15)

Altars:

▒ ▒.▒ . ▒ ▒.▒ .▒ ▒
▒▒.▒▒ ▒.▒ ▒▒▒▒...▒▒
▒▒.▒ .....▒..▒▒▒.▒
▒▒▒▒ ▒▒▒▒...▒....▒ ▒..
▒ ▒▒.▒▒.▒▒£▒ ▒.▒ ▒
▒.......▒▒▒.▒▒▒▒▒.▒ ▒
........)÷..H.....▒ .
..▒.......▒÷..........
▒
.▒▒▒........▒.▒▒▒▒▒▒▒.
▒▒ ▒.......▒.....
.>......▒.▒.▒▒▒
▒.......?...▒
▒.........▒▒▒
▒▒▒▒▒▒▒▒▒▒▒


There were no monsters in sight!


Message History

You see here 2 chunks of flesh.
f - 11 chunks of flesh (gained 2)
* * * LOW HITPOINT WARNING * * *
You feel sick.
Things that are here:
a +0 flail of venom a +0 scale mail the human corpse of Terence
Items here: % ) [ ÷ a +0 flail of venom a +0 scale mail 4 chunks of flesh the human skeleton of Terence You aren't quite hungry enough to eat that!
You aren't quite hungry enough to eat that!
You eat one of the 4 rations.
That ration really hit the spot!
You eat one of the 3 rations.
That ration really hit the spot!
You eat one of the 2 rations.
That ration really hit the spot!
* * * LOW HITPOINT WARNING * * *
You feel sick.
You're too full to eat anything.
There isn't anything to butcher here.
You're too full to eat anything.
There isn't anything to butcher here.
There is a lethal amount of poison in your body!
You see here a frilled lizard skeleton.
You die...

Action                   |  1- 3 |  4- 6 || total
-------------------------+-------+-------++-------
Melee: Hand axe          |    51 |     5 ||    56
       Headbutt          |    12 |     1 ||    13
Invok: Berserk           |     1 |       ||     1
  Use: Potion            |       |     2 ||     2
  Eat: Ration            |       |     3 ||     3
       Chunk             |       |     1 ||     1
Armor: Animal skin       |     7 |       ||     7
Dodge: Dodged            |    26 |     2 ||    28

Levels and vault maps discovered:
D:1:      evilmike_arrival_fibonacci_small, layout_basic
D:2:      layout_loops_ring, first_ration, uniq_terence, uniq_natasha

Notes
Turn   | Place    | Note
-------+----------+-------------------------------------------
     0 | D:1      | Craser22 the Minotaur Berserker began the quest for the
                  | Orb.
     0 | D:1      | Reached XP level 1. HP: 19/19 MP: 0/0
   215 | D:1      | Reached skill level 4 in Axes
   272 | D:1      | Reached XP level 2. HP: 26/26 MP: 1/1
   693 | D:2      | Reached skill level 5 in Axes
   693 | D:2      | Reached XP level 3. HP: 31/31 MP: 2/2
   810 | D:2      | Reached ** piety under Trog
   886 | D:2      | Noticed Terence
   887 | D:2      | Noticed Natasha
   892 | D:2      | Killed Terence
   892 | D:2      | Reached skill level 6 in Axes
   892 | D:2      | Reached XP level 4. HP: 36/39 MP: 3/3
   898 | D:2      | Killed Natasha
   910 | D:2      | HP: 3/39 [poisoned by Terence]
   916 | D:2      | HP: 2/39 [poisoned by Terence]
   924 | D:2      | HP: 1/39 [poisoned by Terence]
   928 | D:2      | Succumbed to Terence's poison

Vanquished Creatures
  A centaur skeleton (D:2)
  Natasha (D:2)
  Terence (D:2)
  An adder (D:2)
  A worm (D:2)
  A dart slug (D:2)
  A leopard gecko (D:2)
  8 goblins
  6 hobgoblins
  4 bats
  2 frilled lizards (D:2)
  6 kobolds
  5 rats
38 creatures vanquished.
